 Dungeon Crawl Stone Soup version 0.27.1-1-g398f81649c (webtiles) character file.

Game seed: 14956046046500130652

2508 Kinoniko the Basher (level 9, -2/52 HPs)
             Began as a Gargoyle Berserker on Sept 22, 2021.
             Was a Priest of Trog.
             Slain by an orc warrior (10 damage)
             ... on level 6 of the Dungeon.
             The game lasted 00:07:53 (6921 turns).

Kinoniko the Basher (Gargoyle Berserker)            Turns: 6921, Time: 00:07:53

Health: -2/52      AC: 20    Str: 30    XL:     9   Next: 53%
Magic:  9/9        EV:  6    Int:  8    God:    Trog [***...]
Gold:   241        SH:  0    Dex:  9    Spells: 8/8 levels left

rFire    . . .     SeeInvis .   i - +3 morningstar
rCold    . . .     Faith    .   q - +0 kite shield
rNeg     + . .     Spirit   .   k - +0 plate armour
rPois    ∞         Reflect  .   (no helmet)
rElec    +         Harm     .   (no cloak)
rCorr    .         Rampage  .   (no gloves)
Will     .....                  w - +0 pair of boots
Stlth    ..........             (no amulet)
HPRegen  0.17/turn              d - +6 ring of strength
MPRegen  0.11/turn              (no ring)

@: confused, on berserk cooldown, slowed, very slow
A: sickness immunity, AC +6, negative energy resistance 1, electricity
resistance, torment resistance 1, petrification resistance
a: Renounce Religion, Berserk, Trog's Hand


You were on level 6 of the Dungeon.
You worshipped Trog.
Trog was most pleased with you.
You visited 1 branch of the dungeon, and saw 6 of its levels.

You collected 241 gold pieces.

Inventory:

Hand Weapons
 a - a +0 mace
 i - a +3 morningstar (weapon)
 m - a +3 whip
Missiles
 e - 2 throwing nets (quivered)
Armour
 b - a +0 animal skin
 h - a +0 scale mail
 k - a +0 plate armour (worn)
 q - a +0 kite shield (worn)
 w - a +0 pair of boots (worn)
Jewellery
 d - a +6 ring of strength (left hand)
 j - a ring of fire
 p - a ring of magical power
 y - a ring of fire
Wands
 r - a wand of flame (8)
 s - a wand of polymorph (6)
 t - a wand of iceblast (4)
 C - a wand of digging (1)
Scrolls
 f - 4 scrolls of teleportation
 g - 5 scrolls of immolation
 n - a scroll of fear
 A - a scroll of identify
 B - a scroll of fog
Potions
 c - 5 potions of curing
 l - 2 potions of flight
 o - a potion of haste {unknown}
 u - a potion of brilliance {unknown}
 v - 2 potions of cancellation {unknown}
 x - 2 potions of lignification {unknown}


   Skills:
 - Level 4.6 Fighting
 * Level 9.9 Maces & Flails
 + Level 6.5 Armour
 - Level 1.6 Dodging
 + Level 5.8 Shields


You had 8 spell levels left.
You didn't know any spells.
Your spell library was empty.

Dungeon Overview and Level Annotations

Branches:
Dungeon (6/15)             Temple (0/1) D:4

Altars:
Kikubaaqudgha
Ru
Sif Muna
Uskayaw
Wu Jian
Yredelemnul

Shops:
D:4 *


Innate Abilities, Weirdness & Mutations

You are immune to sickness and miasma.
Your stone body is resilient. (AC +6)
You are immune to poison.
You resist negative energy. (rN+)
You are resistant to electric shocks. (rElec)
You are resistant to unholy torment.
You are immune to petrification.


Message History

The orc warrior hits you from afar with a +0 glaive!
You are too injured to fight recklessly!
Unknown command.
You are too injured to fight recklessly!
Unknown command.
You block the orc warrior's attack.
You barely miss the orc warrior.
The orc warrior hits you but does no damage.
You hear some strange, mumbled words.
A magic dart appears from out of thin air!
The magic dart hits you!
* * * LOW HITPOINT WARNING * * *
The orc warrior barely misses you.
You bludgeon the orc warrior!!
The orc warrior is severely wounded.
You hear the brisk rusting of a very distant drain.
You block the orc warrior's attack. Something hits you but does no damage.
You block the orc's attack.
The orc warrior hits you with a +0 glaive.
* * * LOW HITPOINT WARNING * * *
You hit the orc warrior.
The orc warrior is almost dead.
Something hits you but does no damage. You block the orc's attack.
The orc warrior barely misses you. Something hits you but does no damage.
The orc hits you but does no damage.
The orc warrior hits you but does no damage.
Unknown command.
You barely miss the orc warrior.
The orc warrior is almost dead.
Something hits you but does no damage. You block the orc's attack.
You block the orc warrior's attack.
You hear some strange, mumbled words.
You are confused.
The orc hits you with a +0 mace.
* * * LOW HITPOINT WARNING * * *
You bump into the rock wall.
The orc warrior hits you but does no damage.
Something hits you but does no damage. The orc hits you but does no damage.
The orc warrior hits you with a +0 glaive!
You die...

#.#...#....z##..#.#...#,*
#.#.#.#.........#.#...#,*
,....................)+,*
*##.#............#....#**
#......#.............#
##.)...).#...###..#...#
...#####.#.### #..#.#*#
...+.....#.# #{o).#
..)####..#.# #@#).#*
...).......# #o#...#
...#.#####.#####.....#
####.# #.....###...#
,,,#.#####.....#,,...#*
,,,#.#.........#,*##..*
,,,#.#.........#,***..#
***#.#.........#,,,,,.#*
#.#.......###*****,,*


You could see an orc warrior and an orc.

Vanquished Creatures
  Sigmund (D:5)
  Eustachio (D:5)
  The ghost of bobkasz2 the Ducker, an amateur OpFi (D:5)
  2 water moccasins
  An ice beast (D:5)
  A hornet zombie (D:6)
  A necrophage (D:5)
  An ogre (D:5)
  4 phantoms
  2 scorpions
  5 wights (D:5)
  2 jellies
  A gnoll shaman (D:3)
  6 orc priests
  A human zombie (D:5)
  3 bullfrog skeletons
  3 iguanas (D:5)
  Ijyb (D:3)
  2 scorpion zombies (D:5)
  2 orc wizards
  2 killer bee zombies (D:5)
  A hound zombie (D:5)
  A hound skeleton (D:4)
  A mummy (D:5)
  7 gnolls
  8 adders
  An adder skeleton (D:4)
  A worm (D:2)
  13 orcs
  3 bats
  7 endoplasms
  5 giant cockroaches
  9 hobgoblins
  4 jackals (D:1)
  3 quokkas
  9 ball pythons
  5 frilled lizards (D:1)
  5 goblins
  4 kobolds
  4 rats
134 creatures vanquished.

Vanquished Creatures (others)
  2 ogres (D:6)
  A kobold brigand (D:6)
  A bullfrog (D:6)
  2 hounds (D:6)
  An iguana (D:6)
  An orc wizard (D:6)
  An orc (D:6)
  A demonic plant (D:2)
10 creatures vanquished.

Grand Total: 144 creatures vanquished

Notes
Turn   | Place    | Note
-------+----------+-------------------------------------------
     0 | D:1      | Kinoniko the Gargoyle Berserker began the quest for the
                  | Orb.
     0 | D:1      | Reached XP level 1. HP: 14/14 MP: 1/1
   306 | D:1      | Reached XP level 2. HP: 18/19 MP: 2/2
  1080 | D:1      | Reached XP level 3. HP: 20/23 MP: 3/3
  1083 | D:1      | Reached skill level 4 in Maces & Flails
  1374 | D:2      | Reached ** piety under Trog
  1663 | D:2      | Found a faded altar of an unknown god.
  1663 | D:2      | Noticed a hell beast
  1741 | D:2      | Reached XP level 4. HP: 28/28 MP: 4/4
  1749 | D:2      | Noticed a phantom
  1781 | D:2      | Killed a phantom
  1782 | D:2      | Reached skill level 5 in Maces & Flails
  1782 | D:2      | Reached XP level 5. HP: 25/33 MP: 5/5
  2379 | D:2      | Found a sacrificial altar of Ru.
  2489 | D:3      | Noticed a +0 hand axe
  2489 | D:3      | Noticed a +0 dagger
  2602 | D:3      | Reached XP level 6. HP: 39/39 MP: 6/6
  2734 | D:3      | Reached skill level 6 in Maces & Flails
  3069 | D:3      | Reached skill level 1 in Shields
  3160 | D:3      | Found a hide-covered altar of Uskayaw.
  3176 | D:3      | Noticed Ijyb
  3197 | D:3      | Killed Ijyb
  3974 | D:4      | Found Tuefidanly's Overcharged Wands.
  4152 | D:4      | Reached XP level 7. HP: 28/44 MP: 7/7
  4299 | D:4      | Reached *** piety under Trog
  4530 | D:4      | Found a basalt altar of Yredelemnul.
  4530 | D:4      | Found an ornate altar of the Wu Jian Council.
  4797 | D:4      | Found a staircase to the Ecumenical Temple.
  4878 | D:5      | Entered Level 5 of the Dungeon
  4888 | D:5      | Found a shimmering blue altar of Sif Muna.
  4898 | D:5      | Reached skill level 7 in Maces & Flails
  5034 | D:5      | Reached XP level 8. HP: 9/48 MP: 8/8
  5149 | D:5      | Found a runed translucent door.
  5149 | D:5      | Noticed bobkasz2's ghost (amateur OpFi)
  5479 | D:5      | Noticed Eustachio
  5486 | D:5      | Reached skill level 8 in Maces & Flails
  5504 | D:5      | Killed Eustachio
  5505 | D:5      | Reached skill level 5 in Armour
  5629 | D:5      | Noticed Sigmund
  5668 | D:5      | Killed Sigmund
  6138 | D:5      | Reached XP level 9. HP: 44/52 MP: 9/9
  6199 | D:5      | Reached skill level 9 in Maces & Flails
  6220 | D:5      | Found an ancient bone altar of Kikubaaqudgha.
  6225 | D:5      | Reached skill level 5 in Shields
  6553 | D:5      | Killed bobkasz2's ghost
  6921 | D:6      | Slain by an orc warrior

Illustrated notes

Levels and vault maps discovered:
D:1:      psy_arrival_radial02, layout_basic, minmay_tromino_v2
D:2:      minmay_general_purpose_star, layout_rooms,
          dreamdust_ecumenical_altar_sealed_demon, basic_altar
D:3:      layout_basic, dancing_weapons_uskayaw, moated_statue,
          minmay_distorted, uniq_ijyb
D:4:      layout_basic, gammafunk_temple_overflow_statue,
          minmay_temple_entry_poolview, hangedman_abyss_or_decor_lesser_grid,
          nicolae_shop_overcharged_wands
D:5:      layout_cave_pods, nicolae_sif_muna_condensation,
          lemuel_mausoleum_altar_kikubaaqudgha, gammafunk_ghost_grave,
          hangedman_decor_riveting, st_stairs_7, uniq_eustachio, uniq_sigmund
D:6:      layout_basic, xom_confusion_cloud, mainiacjoe_overflow_tiny_flanked,
          kennysheep_little_box, kennysheep_mini, gup_sewer_entry_pipe,
          uniq_pikel

Skill      XL: |  1  2  3  4  5  6  7  8  9 |
---------------+----------------------------+-----
Maces & Flails | 4 5 6 7 8 9 |  9.9
Fighting       | 4 |  4.6
Shields        | 1 3 4 5 |  5.8
Armour         | 3 4 5 6 |  6.5
Dodging        | |  1.6

Action                   |  1- 3 |  4- 6 |  7- 9 || total
-------------------------+-------+-------+-------++-------
Melee: Mace              |    78 |       |       ||    78
       Morningstar       |    21 |   138 |   260 ||   419
Invok: Berserk           |     1 |     3 |     8 ||    12
       Trog's Hand       |       |     1 |     2 ||     3
  Use: Potion            |       |     1 |       ||     1
       Scroll            |       |     8 |     4 ||    12
Armor: Animal skin       |    34 |       |       ||    34
       Scale mail        |     9 |    26 |       ||    35
       Plate armour      |       |    68 |   210 ||   278
Dodge: Dodged            |    64 |    43 |    76 ||   183
Block: Kite shield       |       |    28 |   188 ||   216
